AoeStats
← agemajsan

Fortress

509427078Analyzed
2v2 RM · 5d ago on Sep 26, 2026· 39m 58s· 4 players
Game mode
Random Map
Map size
Normal (6 player)
Population
200
Speed
Normal
Resources
Standard
Victory
Conquest
Starting age
Dark Age
Ending age
Imperial Age
RankedLock teamsTeams togetherTeam positionsShared explorationLock speedFull tech treeHidden civsTurbo modeCheats
Victory
Defeat
🇸🇪 Bohemians · Sweden
1115
+17
🇸🇪 Inca · Sweden
1107
+18
🇨🇱 Magyars · Chile
1150
-18
🇪🇪 Japanese · Estonia
1135
-17
agemajsan
9:18 Feudal Age
10:36 Horse Collar
10:43 Double-Bit Axe
14:22 Castle Age
25:48 Imperial Age
25:25 Wheelbarrow
26:21 Hand Cart
27:00 Fabric Shields
26:25 Champi Runner
27:06 Squires
26:52 Arson
28:51 Champi Warrior
30:12 Bow Saw
32:55 Chemistry
32:19 Ballistics
32:48 Elite Champi Warrior
34:42 Forging
34:33 Scale Mail Armor
37:02 Iron Casting
36:42 Chain Mail Armor
36:19 Fletching
38:57 Blast Furnace
Jon_Skolmen
7:45 Feudal Age
9:04 Double-Bit Axe
11:37 Castle Age
9:37 Double-Bit Axe
9:49 Horse Collar
13:01 Bow Saw
17:25 Wheelbarrow
18:47 Hand Cart
18:45 Heavy Plow
23:59 Imperial Age
21:45 Fletching
23:12 Chemistry
22:10 Loom
21:54 Crossbowman
23:06 Ballistics
23:33 Bodkin Arrow
23:47 Padded Archer Armor
24:29 Arbalester
26:03 Bracer
27:01 Leather Archer Armor
29:03 Ring Archer Armor
31:13 Pikeman
31:55 Scale Mail Armor
32:06 Forging
35:16 Halberdier
36:16 Squires
36:33 Chain Mail Armor
38:06 Plate Mail Armor
37:57 Houfnice
rodrigolaramol96
6:31 Feudal Age
11:43 Castle Age
9:50 Double-Bit Axe
10:57 Horse Collar
13:11 Bow Saw
15:00 Wheelbarrow
17:07 Heavy Plow
18:27 Gold Mining
18:58 Fletching
19:52 Stone Mining
21:41 Bodkin Arrow
23:11 Thumb Ring
23:59 Padded Archer Armor
24:05 Scale Barding Armor
24:18 Loom
24:19 Town Watch
24:53 Fervor
25:02 Bloodlines
24:53 Husbandry
24:55 Treadmill Crane
25:11 Murder Holes
26:29 Chain Barding Armor
25:58 Light Cavalry
26:57 Leather Archer Armor
30:35 Imperial Age
29:08 Corvinian Army
29:54 Masonry
30:31 Scale Mail Armor
29:55 Pikeman
31:12 Hand Cart
31:50 Parthian Tactics
32:17 Conscription
32:33 Crop Rotation
32:42 Gold Shaft Mining
33:08 Two-Man Saw
32:41 Recurve Bow
32:56 Heavy Cavalry Archer
33:44 Hussar
35:09 Bracer
36:12 Ring Archer Armor
36:18 Plate Barding Armor
35:42 Elite Magyar Huszar
38:22 Chemistry
37:43 Ballistics
Myrakaru
0:29 Loom
8:41 Feudal Age
9:15 Horse Collar
13:54 Castle Age
12:34 Scale Mail Armor
12:55 Double-Bit Axe
13:32 Fletching
15:31 Heavy Plow
17:56 Ballistics
24:08 Imperial Age
22:46 Bodkin Arrow
23:58 Wheelbarrow
24:04 Pikeman
24:13 Pikeman
24:54 Squires
26:29 Hand Cart
26:38 Bracer
28:21 Yasama
28:42 Conscription
29:17 Elite Skirmisher
30:47 Padded Archer Armor
34:53 Chemistry
33:37 Heavy Cavalry Archer
34:42 Parthian Tactics
35:10 Bow Saw
Connection lost

Rejoining the realm…

Still unreachable

The connection could not be restored.

Session expired

The server has moved on; the page needs a fresh start.